 Dungeon Crawl Stone Soup version 0.32-a0-685-g93135e86f0 (webtiles) character file.

Game seed: 15113753409049385452

9401 smashvw the Fighter (level 11, -10/63 HPs)
             Began as a Vine Stalker Fighter on Mar 12, 2024.
             Was a Follower of Uskayaw.
             Killed from afar by an acid dragon (26 damage)
             ... with a splash of acid
             ... on level 10 of the Dungeon.
             The game lasted 00:24:42 (7593 turns).

smashvw the Fighter (Vine Stalker Fighter)          Turns: 7593, Time: 00:24:42

Health: -10/63     AC: 10    Str: 22    XL:     11   Next: 45%
Magic:  0/12       EV:  6    Int:  8    God:    Uskayaw [*.....]
Gold:   468        SH:  6    Dex: 24    Spells: 10/10 levels left

rFire   . . .        p - +16 obsidian axe {drain, demonic, Mesm ^Drain Fly SInv}
rCold   + . .        c - +0 buckler
rNeg    . . .        D - +0 plate armour
rPois   .            P - +0 helmet
rElec   +            K - +0 cloak {Will+}
rCorr   .            (no gloves)
SInv    +            n - +0 pair of boots
Will    ++...        z - amulet "Fyffagusch" {Spirit ^Fragile rElec Regen+ Str+3} Stlth
                     y - +6 ring of dexterity
HPRegen 1.90/turn    S - ring of protection from cold
MPRegen 0.13/turn

%: guardian spirit
@: corroded, flying, mesmerised
A: fangs 3, regeneration 1, magic shield, antimagic bite, no potion heal 2
a: Renounce Religion, Stomp


You were on level 10 of the Dungeon.
You worshipped Uskayaw.
Uskayaw was noncommittal.
You visited 2 branches of the dungeon, and saw 11 of its levels.

You collected 664 gold pieces.
You spent 196 gold pieces at shops.

Inventory:

Hand Weapons
 a - a +0 rapier
 p - the +16 obsidian axe (weapon) {drain, demonic, Mesm ^Drain Fly SInv}
   (You found it on level 2 of the Dungeon)

   Mesm:      Its wielder is mesmerised by any visible foes, and it cannot be
   unequipped while any foes are visible.
   SInv:      It lets you see invisible.
   Fly:       It grants you flight.
   ^Drain:    It drains your maximum health when unequipped.
Missiles
 g - 67 stones
 u - 10 javelins
 x - 5 atropa-tipped darts
 E - a throwing net
 L - 22 poisoned darts
Armour
 c - a +0 buckler (worn)
 n - a +0 pair of boots (worn)
 D - a +0 plate armour (worn)
 K - a +0 cloak of willpower (worn)
 P - a +0 helmet (worn)
Jewellery
 y - a +6 ring of dexterity (left hand)
 z - the amulet "Fyffagusch" (around neck) {Spirit ^Fragile rElec Regen+ Str+3}
   (You found it on level 3 of the Dungeon)

   [amulet of guardian spirit]

   Spirit:    It causes incoming damage to be divided between your reserves of
   health and magic.
   Str+3:     It affects your strength (+3).
   rElec:     It insulates you from electricity.
   Regen+:    It increases your rate of health regeneration.
   ^Fragile:  It will be destroyed if unequipped.
 B - an amulet of magic regeneration
 F - an amulet of faith
 N - an amulet of the acrobat
 S - a ring of protection from cold (right hand)
 T - a ring of poison resistance
Talismans
 J - a dragon-blood talisman
Wands
 l - a wand of flame (18)
 A - a wand of paralysis (14) (quivered)
 V - a wand of mindburst (7)
Scrolls
 b - 2 scrolls of silence
 e - a scroll of revelation
 h - 3 scrolls of enchant armour
 k - 3 scrolls of blinking
 s - 2 scrolls of vulnerability
 v - 2 scrolls of amnesia
 w - a scroll of fear
 G - a scroll of enchant weapon {unknown}
 I - a scroll of fog {unknown}
 M - 3 scrolls of noise {unknown}
 O - a scroll of brand weapon {unknown}
 Q - a scroll of poison {unknown}
 R - a scroll of identify
Potions
 d - 3 potions of might
 f - a potion of ambrosia {unknown}
 i - 7 potions of curing
 j - 3 potions of lignification {unknown}
 m - 2 potions of magic {unknown}
 o - 3 potions of haste
 q - a potion of attraction {unknown}
 r - 6 potions of heal wounds {unknown}
 t - 4 potions of brilliance {unknown}
 C - 2 potions of degeneration
 H - a potion of invisibility {unknown}
 U - a potion of enlightenment {unknown}


   Skills:
 - Level 10.0 Fighting
 - Level 10.0 Short Blades
 - Level 2.4 Armour
 - Level 6.0 Stealth
 - Level 5.0 Shields
 + Level 5.9 Necromancy
 - Level 3.0 Evocations


You had 10 spell levels left.
You didn't know any spells.
Your spell library contained the following spells:

 Spells                   Type           Power      Damage    Failure   Level
 Fugue of the Fallen      Necr           9%         N/A       97%         3
 Ensorcelled Hibernation  Hex/Ice        0%         N/A       100%        2
 Call Canine Familiar     Summ           0%         N/A       100%        3
 Gell's Gravitas          Tloc           0%         N/A       100%        3
 Hailstorm                Conj/Ice       0%         3d5       100%        3
 Sigil of Binding         Hex            0%         N/A       100%        3
 Summon Ice Beast         Ice/Summ       0%         N/A       100%        3
 Teleport Other           Tloc           0%         N/A       100%        3
 Anguish                  Hex/Necr       2%         N/A       100%        4
 Animate Dead             Necr           9%         N/A       100%        4
 Dimensional Bullseye     Hex/Tloc       0%         N/A       100%        4
 Dispersal                Tloc           0%         N/A       100%        6
 Permafrost Eruption      Ice/Erth       0%         2x4d2     100%        6
 Sculpt Simulacrum        Ice/Alch       0%         N/A       100%        6
 Haunt                    Necr/Summ      2%         N/A       100%        7
 Borgnjor's Revivificati  Necr           4%         N/A       100%        8
 Infestation              Necr           4%         N/A       100%        8
 Death's Door             Necr           4%         N/A       100%        9


Dungeon Overview and Level Annotations

Branches:
Dungeon (10/15)            Temple (1/1) D:6            Lair (0/5) D:8
    Orc: D:9-12

Altars:
Ashenzari
Cheibriados
Dithmenos
Elyvilon
Fedhas
Gozag
Hepliaklqana
Kikubaaqudgha
Makhleb
Nemelex Xobeh
Okawaru
Qazlal
Ru
Sif Muna
Trog
Uskayaw
Vehumet
Wu Jian
Xom
Yredelemnul
Zin
The Shining One

Shops:
D:1 *   D:5 =   D:10 [!(*

Annotations:
D:9 3 runed translucent doors, jestert79's ghost, novice DsNe


Innate Abilities, Weirdness & Mutations

You have razor-sharp teeth.
Your natural rate of healing is unusually fast.
When hurt, damage is shared between your health and your magic reserves.
Your bite disrupts and absorbs the magic of your enemies.
Potions cannot restore your health.


Message History

d - 3 potions of might (gained 1)
You now have 468 gold pieces (gained 6).
L - 22 poisoned darts (gained 4)
An acid dragon comes into view.
Visions of slaying the acid dragon flood into your mind.
The acid dragon roars!
The acid dragon spits acid at you. The splash of acid misses you.
The acid dragon bites you but does no damage.
The acid dragon claws you but does no damage.
You closely miss the acid dragon. You bite the acid dragon!
You drain its power.
The acid dragon is moderately wounded.
The acid dragon spits acid at you. The splash of acid hits you!!
The acid corrodes you!
You barely miss the acid dragon. You bite the acid dragon. You drain its power.
You feel invigorated.
The acid dragon is moderately wounded.
The acid dragon bites you! The acid dragon claws you.
The acid dragon spits acid at you. The splash of acid hits you!!
* * * LOW HITPOINT WARNING * * *
You are too injured to fight recklessly!
Okay, then.
Press: ? - help, v - describe, . - travel
Here: an acid dragon (moderately wounded, mesmerising, catching its breath)
The floor.
As you read the scroll of fear, it crumbles to dust.
You assume a fearsome visage.
The acid dragon looks frightened!
You cannot move away from the acid dragon!
You are too injured to fight recklessly!
Aiming: Paralyse
Press: ? - help, Q - select action, (/) - cycle Shift-Dir - straight line, f - acid dragon
Aim: an acid dragon (moderately wounded, mesmerising, fleeing, chance to affect: 56%)
Your attack snaps the acid dragon out of its fear.
The acid dragon resists with significant effort.
The acid dragon spits acid at you. The splash of acid hits you!!
You die...
Your body falls in perfect tune with the rhythm.

............#.#
#####.##..###.#
#####.##).# #.#
....#.....# #.#
###.####.## #.# ..#.##
#.# #.# .....# #.# #.#
.....# #.# #.#####.####
.....# #.# #...@.D.....
.....# #.# #######.##.#
#'#### #.#
§.≈≈≈###.################
....§#.......#..........#
....§#...###.#.#######.##
.ß...'.#.# #.#†# #.#
....≈#...# #.#.# #.#
....≈###.# #.#.# #.#


You could see an acid dragon (mesmerising, catching breath).

Vanquished Creatures
  A two-headed ogre (D:10)
  Pikel (D:4)
  An ugly thing (D:7)
  Maurice (D:7)
  An unseen horror (D:10)
  2 trolls
  A wraith (D:9)
  11 yaks
  3 wyverns (D:8)
  A basilisk (D:8)
  A steam dragon (D:9)
  Menkaure (D:4)
  3 water moccasins
  An ice beast (D:6)
  An orc warrior (D:10)
  2 sky beasts
  2 black bears
  2 wolves (D:8)
  3 centaurs
  A lemure (D:4)
  A kobold brigand (D:8)
  A bullfrog (D:9)
  A scorpion (D:8)
  6 wights
  3 killer bees (D:9)
  An electric eel (D:10)
  4 howler monkeys
  2 bombardier beetles
  3 hounds
  3 gnoll boudas
  8 orc priests
  A sleepcap (D:5)
  7 iguanas
  3 orc wizards
  7 adders
  15 gnolls
  3 white imps
  2 ufetubi (D:6)
  2 ribbon worms
  A dart slug (D:4)
  24 orcs
  9 endoplasms
  A giant cockroach (D:1)
  6 goblins
  3 hobgoblins
  5 quokkas
  2 ball pythons
  5 frilled lizards
  8 kobolds
  7 rats
184 creatures vanquished.

Vanquished Creatures (collateral kills)
  A hornet (D:9)
  A wyvern (D:8)
  2 centaurs (D:7)
  A phantom (D:4)
  A bullfrog (D:8)
  A scorpion (D:4)
  5 wights
  An electric eel (D:10)
  2 jellies (D:5)
  A gnoll bouda (D:8)
  An orc wizard (D:7)
  5 gnolls
  2 white imps
  2 ribbon worms
  3 orcs
29 creatures vanquished.

Grand Total: 213 creatures vanquished

Notes
Turn   | Place    | Note
-------+----------+-------------------------------------------
     0 | D:1      | smashvw the Vine Stalker Fighter began the quest for the
                  | Orb.
     0 | D:1      | Reached XP level 1. HP: 11/11 MP: 2/2
   174 | D:1      | Reached XP level 2. HP: 16/16 MP: 3/3
   298 | D:1      | Found Xuehith's Assorted Antiques.
   768 | D:2      | Found the +16 obsidian axe {drain, demonic, Mesm ^Drain Fly
                  | SInv}
   818 | D:2      | Reached skill level 1 in Stealth
   818 | D:2      | Reached XP level 3. HP: 20/20 MP: 4/4
   835 | D:2      | Found a glowing silver altar of Zin.
   888 | D:2      | Found a faded altar of an unknown god.
  1019 | D:2      | Reached XP level 4. HP: 24/24 MP: 5/5
  1814 | D:3      | Identified the amulet "Fyffagusch" {Spirit ^Fragile rElec
                  | Regen+ Str+3}
  2115 | D:4      | Reached XP level 5. HP: 28/28 MP: 6/6
  2245 | D:4      | Noticed a lemure
  2246 | D:4      | Noticed Pikel
  2247 | D:4      | Noticed a lemure
  2248 | D:4      | Noticed a lemure
  2248 | D:4      | Noticed a lemure
  2252 | D:4      | Killed a lemure
  2256 | D:4      | Killed Pikel
  2257 | D:4      | Reached skill level 5 in Stealth
  2257 | D:4      | Reached skill level 5 in Shields
  2257 | D:4      | Reached XP level 6. HP: 26/34 MP: 3/7
  2257 | D:4      | Reached XP level 7. HP: 29/38 MP: 3/8
  2283 | D:4      | Noticed Menkaure
  2287 | D:4      | Killed Menkaure
  2306 | D:4      | Reached skill level 5 in Fighting
  2312 | D:4      | Gained mutation: You have razor-sharp teeth. [Vine Stalker
                  | growth]
  2312 | D:4      | Reached XP level 8. HP: 44/44 MP: 7/9
  2874 | D:5      | Entered Level 5 of the Dungeon
  3227 | D:5      | Found a sparkling altar of Nemelex Xobeh.
  3228 | D:5      | Found an ornate altar of the Wu Jian Council.
  3228 | D:5      | Found a hazy altar of Hepliaklqana.
  3231 | D:5      | Found a shimmering blue altar of Sif Muna.
  3231 | D:5      | Found a bloodstained altar of Trog.
  3394 | D:5      | Found Puosiunk's Jewellery Shop.
  3613 | D:6      | Found a staircase to the Ecumenical Temple.
  3618 | D:6      | Reached XP level 9. HP: 51/51 MP: 10/10
  3626 | Temple   | Entered the Ecumenical Temple
  3651 | Temple   | Became a worshipper of Uskayaw the Reveller
  3735 | D:6      | Reached * piety under Uskayaw
  3736 | D:6      | Reached ** piety under Uskayaw
  4042 | D:7      | Found a sacrificial altar of Ru.
  4189 | D:7      | Reached skill level 1 in Evocations
  4280 | D:7      | Found an iron altar of Okawaru.
  4300 | D:7      | Reached skill level 5 in Short Blades
  4399 | D:7      | Reached *** piety under Uskayaw
  4445 | D:7      | Noticed a cyan ugly thing
  4462 | D:7      | Killed a cyan ugly thing
  4796 | D:7      | Noticed Maurice
  4805 | D:7      | Maurice stole an amulet of magic regeneration
  4807 | D:7      | Killed Maurice
  4808 | D:7      | Reached XP level 10. HP: 55/58 MP: 2/11
  5228 | D:8      | Reached **** piety under Uskayaw
  5231 | D:8      | Reached ***** piety under Uskayaw
  5236 | D:8      | Reached skill level 10 in Fighting
  5241 | D:8      | Found a staircase to the Lair.
  5245 | D:8      | Reached ****** piety under Uskayaw
  5833 | D:9      | Reached skill level 1 in Necromancy
  6105 | D:9      | You are sucked into a shaft and drop 1 floor!
  6105 | D:10     | Entered Level 10 of the Dungeon
  6115 | D:10     | Reached XP level 11. HP: 63/63 MP: 12/12
  6193 | D:10     | Noticed a two-headed ogre
  6198 | D:10     | Killed a two-headed ogre
  6259 | D:10     | Reached skill level 5 in Necromancy
  6417 | D:9      | Noticed jestert79's ghost (novice DsNe)
  6692 | D:9      | Identified the +1 chain mail of Plasticity {+Inv rN++ Will-
                  | rCorr}
  6802 | D:9      | Found a runed translucent gate.
  6802 | D:9      | Found a runed translucent gate.
  6802 | D:9      | Found a runed translucent gate.
  7332 | D:10     | Reached skill level 10 in Short Blades
  7491 | D:10     | Found Ozehimo's Armour Shoppe.
  7491 | D:10     | Found Vyrrym's Distillery.
  7497 | D:10     | Found Tifira's Antique Weapon Emporium.
  7497 | D:10     | Found Dosoyxad's Assorted Antiques.
  7505 | D:10     | Bought a potion of haste for 140 gold pieces
  7505 | D:10     | Bought a potion of curing for 42 gold pieces
  7505 | D:10     | Bought a potion of degeneration for 14 gold pieces
  7593 | D:10     | Killed from afar by an acid dragon

Illustrated notes

Levels and vault maps discovered:
D:1:      psy_arrival_whirlpool, layout_basic, serial_shops, shop,
          grunt_decor_cap
D:2:      layout_basic, basic_altar, hellmonk_ecumenical_altar_leap_of_faith
D:3:      layout_loops_ring, serial_bayou_crossing
D:4:      layout_loops_ring, uniq_menkaure, uniq_pikel
D:5:      layout_loops_cross, grunt_temple_overflow_open, serial_shops, shop
D:6:      layout_cave_pools, minmay_temple_entry_proselytizer
D:7:      layout_cave_pods, lemuel_crystal_altar, mainiacjoe_overflow_chevrons,
          kennysheep_nondescript, uniq_maurice
D:8:      layout_basic, minmay_lair_entry_grove
D:9:      layout_loops_corners, gammafunk_ghost_icy
D:10:     layout_basic, nicolae_shop_national_dungeon_mall,
          kennysheep_generic_room_9
Temple:   regret_index_temple_waves

Skill      XL: |  1  2  3  4  5  6  7  8  9 10 11 |
---------------+----------------------------------+-----
Short Blades   | 2 3 6 9 10 | 10.0
Fighting       | 3 4 5 8 9 10 | 10.0
Stealth        | 1 2 5 6 |  6.0
Shields        | 3 5 |  5.0
Evocations     | 3 |  3.0
Necromancy     | 3 5 |  5.9
Armour         | |  2.4

Action                     |  1- 3 |  4- 6 |  7- 9 | 10-12 || total
---------------------------+-------+-------+-------+-------++-------
  Melee: Rapier            |    25 |       |       |       ||    25
         Bite              |     7 |     5 |    30 |    40 ||    82
         Broad axe         |    13 |    38 |   126 |   125 ||   302
  Throw: Stone             |     3 |     2 |       |       ||     5
         Dart              |       |       |     5 |       ||     5
 Invoke: Line Pass         |       |       |       |     1 ||     1
  Evoke: Wand              |       |       |     7 |     1 ||     8
    Use: Scroll            |       |       |     5 |     3 ||     8
   Stab: Distracted        |       |       |     3 |       ||     3
         Paralysed         |       |       |     2 |     5 ||     7
 Armour: Scale mail        |    15 |     3 |       |       ||    18
         Chain mail        |       |     8 |       |       ||     8
         Plate armour      |       |     6 |   171 |   126 ||   303
  Dodge: Dodged            |    12 |     8 |    68 |    43 ||   131
  Block: Buckler           |     5 |    13 |    52 |    35 ||   105

Table legend: (Time is in decaauts)
 A = Elapsed time spent in this place.
 B = Non-inter-level travel time spent in this place.
 C = Inter-level travel time spent in this place.
 D = Time resting spent in this place.
 E = Time spent auto-exploring this place.
 F = Levels seen in this place.
 G = Mean time per level.
                   A        B        C        D        E       F      G
               +--------+--------+--------+--------+--------+-----+--------+
         Total |   7795 |   7229 |    566 |     73 |   5955 |  11 |  708.6 |
       Dungeon |   7744 |   7226 |    518 |     73 |   5955 |  10 |  774.4 |
        Temple |     50 |      2 |     48 |      0 |      0 |   1 |   50.0 |
               +--------+--------+--------+--------+--------+-----+--------+

Top non-repeatable levels by time:
     D:7: 1263 daAuts
     D:9: 1092 daAuts
     D:4: 841 daAuts
     D:5: 786 daAuts
     D:1: 746 daAuts
     D:3: 694 daAuts
     D:2: 650 daAuts
     D:8: 613 daAuts
    D:10: 586 daAuts
     D:6: 468 daAuts
  Temple: 50 daAuts
